[ AOE2 MATCH · #459595809 ]
1v1 RMJapanese vs Spanish
Player's team · LOSS
Rival team · WIN
[ REPLAY ANALYSIS · EXTRACTED FROM THE RECORDED GAME ]
Feudal
9:47
Castle
22:06
Imperial
47:15
| APM avg | 10.4 |
| APM peak | 50 |
| eAPM avg | 9.2 |
| Villagers / military | 62 / 51 |
Focus
⚔️ 47.0% · 🌾 53.0%
Samurai ×31 · Knight ×12 · Militia ×2 · Spearman ×2 · Scout Cavalry ×2 · Trebuchet (Packed) ×1
Feudal
12:19
Castle
16:54
Imperial
40:16
| APM avg | 15.6 |
| APM peak | 46 |
| eAPM avg | 8.7 |
| Villagers / military | 76 / 45 |
Focus
⚔️ 28.0% · 🌾 72.0%
Conquistador ×32 · Knight ×8 · Trebuchet (Packed) ×5
Match map
Resources at game start + every placement click. Thick line = wall · dashed box = detected house wall. 🟡 gold · ⚪ stone · 🟢 berries · 🔶 boar · ⭕ relic
Inputs per minute
— EliasCar - - CabinSteak
Build order — EliasCar
First 150 of 208 actions detected
| 0:07 | Research | Loom |
| 0:07 | Create | Villager (Male) |
| 0:08 | Create | Villager (Male) |
| 0:08 | Create | Villager (Male) |
| 0:08 | Create | Villager (Male) |
| 0:18 | Build | House |
| 0:48 | Build | House |
| 0:50 | Build | House |
| 0:52 | Build | House |
| 2:00 | Create | Villager (Male) |
| 2:26 | Create | Villager (Male) |
| 2:39 | Build | Mill |
| 2:59 | Create | Villager (Male) |
| 3:13 | Create | Villager (Male) |
| 3:34 | Create | Villager (Male) |
| 4:06 | Create | Villager (Male) |
| 4:06 | Create | Villager (Male) |
| 4:18 | Create | Villager (Male) |
| 4:24 | Build | Lumber Camp |
| 4:31 | Create | Villager (Male) |
| 5:10 | Create | Villager (Male) |
| 5:10 | Create | Villager (Male) |
| 6:06 | Create | Villager (Male) |
| 6:07 | Create | Villager (Male) |
| 6:39 | Create | Villager (Male) |
| 7:35 | Research | Feudal Age |
| 7:44 | Build | Mill |
| 8:39 | Build | House |
| 9:08 | Build | House |
| 9:09 | Build | House |
| 9:47 | Age | Feudal Age |
| 9:51 | Research | Town Watch |
| 9:54 | Research | Horse Collar |
| 9:58 | Research | Double-Bit Axe |
| 10:00 | Research | Wheelbarrow |
| 10:40 | Build | Mining Camp |
| 10:47 | Create | Villager (Male) |
| 10:47 | Create | Villager (Male) |
| 10:47 | Create | Villager (Male) |
| 10:47 | Create | Villager (Male) |
| 11:39 | Research | Gold Mining |
| 12:00 | Create | Villager (Male) |
| 12:00 | Create | Villager (Male) |
| 12:14 | Research | Stone Mining |
| 12:43 | Build | Farm |
| 12:50 | Build | Farm |
| 12:55 | Create | Villager (Male) |
| 13:03 | Build | Mining Camp |
| 13:19 | Build | Farm |
| 13:20 | Build | Farm |
| 13:22 | Build | Farm |
| 13:43 | Build | Farm |
| 13:44 | Build | Farm |
| 13:55 | Build | Lumber Camp |
| 14:02 | Build | Farm |
| 14:07 | Create | Villager (Male) |
| 14:07 | Create | Villager (Male) |
| 14:09 | Create | Villager (Male) |
| 14:19 | Build | Farm |
| 14:21 | Build | Farm |
| 14:43 | Build | Farm |
| 15:11 | Build | Barracks |
| 15:18 | Create | Villager (Male) |
| 15:18 | Create | Villager (Male) |
| 15:41 | Build | Farm |
| 15:46 | Build | Farm |
| 15:51 | Create | Villager (Male) |
| 15:52 | Create | Villager (Male) |
| 16:09 | Build | Stable |
| 17:01 | Create | Villager (Male) |
| 17:11 | Build | Market |
| 17:21 | Create | Villager (Male) |
| 17:58 | Create | Villager (Male) |
| 18:21 | Build | House |
| 18:31 | Create | Villager (Male) |
| 18:48 | Build | House |
| 18:49 | Build | House |
| 18:51 | Build | House |
| 18:53 | Build | House |
| 19:00 | Create | Villager (Male) |
| 19:14 | Research | Castle Age |
| 19:21 | Research | Arson |
| 19:43 | Research | Man-at-Arms (upgrade) |
| 20:22 | Build | Farm |
| 20:24 | Build | Farm |
| 20:25 | Build | Farm |
| 20:30 | Research | Bloodlines |
| 20:38 | Build | Stable |
| 20:41 | Build | Stable |
| 20:45 | Build | Barracks |
| 20:48 | Build | Barracks |
| 21:00 | Create | Militia |
| 21:01 | Create | Spearman |
| 21:09 | Create | Scout Cavalry |
| 21:09 | Create | Scout Cavalry |
| 21:13 | Create | Spearman |
| 21:14 | Create | Militia |
| 21:23 | Build | Blacksmith |
| 22:06 | Age | Castle Age |
| 22:07 | Research | Hand Cart |
| 22:22 | Research | Bow Saw |
| 22:52 | Research | Heavy Plow |
| 23:11 | Research | Scale Mail Armor |
| 23:41 | Research | Gold Shaft Mining |
| 23:52 | Build | Town Center |
| 24:02 | Research | Long Swordsman (upgrade) |
| 24:17 | Research | Gambesons |
| 25:10 | Build | Castle |
| 25:49 | Research | Pikeman (upgrade) |
| 25:50 | Research | Squires |
| 27:24 | Create | Villager (Male) |
| 27:24 | Create | Villager (Male) |
| 27:40 | Create | Villager (Male) |
| 27:40 | Create | Villager (Male) |
| 27:41 | Create | Villager (Male) |
| 28:04 | Create | Villager (Male) |
| 28:05 | Create | Villager (Male) |
| 28:05 | Create | Villager (Male) |
| 28:18 | Build | Market |
| 28:45 | Build | Mining Camp |
| 29:34 | Build | Lumber Camp |
| 29:44 | Build | Mining Camp |
| 30:13 | Build | Castle |
| 30:20 | Create | Villager (Male) |
| 30:21 | Create | Villager (Male) |
| 30:21 | Create | Villager (Male) |
| 30:21 | Create | Villager (Male) |
| 30:31 | Research | Town Patrol |
| 31:45 | Build | Farm |
| 31:48 | Build | Farm |
| 31:50 | Build | Farm |
| 32:13 | Build | Town Center |
| 32:16 | Create | Samurai |
| 32:16 | Create | Samurai |
| 32:16 | Create | Samurai |
| 32:17 | Create | Samurai |
| 32:17 | Create | Samurai |
| 32:17 | Create | Samurai |
| 32:17 | Create | Samurai |
| 32:50 | Create | Samurai |
| 32:51 | Create | Samurai |
| 32:51 | Create | Samurai |
| 32:51 | Create | Samurai |
| 32:51 | Create | Samurai |
| 33:33 | Create | Villager (Male) |
| 33:33 | Create | Villager (Male) |
| 33:45 | Research | Yasama |
| 35:05 | Research | Husbandry |
| 35:07 | Research | Light Cavalry (upgrade) |
| 35:14 | Create | Knight |
Build order — CabinSteak
First 150 of 211 actions detected
| 0:21 | Build | House |
| 0:24 | Build | House |
| 0:45 | Create | Villager (Male) |
| 0:45 | Create | Villager (Male) |
| 0:45 | Create | Villager (Male) |
| 0:46 | Create | Villager (Male) |
| 2:07 | Create | Villager (Male) |
| 2:29 | Create | Villager (Male) |
| 2:31 | Build | Lumber Camp |
| 2:55 | Create | Villager (Male) |
| 3:39 | Create | Villager (Male) |
| 4:05 | Create | Villager (Male) |
| 4:18 | Build | Mill |
| 4:18 | Create | Villager (Male) |
| 5:08 | Create | Villager (Male) |
| 5:34 | Create | Villager (Male) |
| 5:41 | Build | House |
| 5:44 | Research | Loom |
| 5:57 | Create | Villager (Male) |
| 6:11 | Create | Villager (Male) |
| 6:43 | Build | House |
| 6:46 | Create | Villager (Male) |
| 6:47 | Create | Villager (Male) |
| 7:16 | Build | Lumber Camp |
| 7:31 | Create | Villager (Male) |
| 8:38 | Build | Mining Camp |
| 8:47 | Create | Villager (Male) |
| 8:48 | Create | Villager (Male) |
| 9:31 | Create | Villager (Male) |
| 10:09 | Research | Feudal Age |
| 11:27 | Build | Mining Camp |
| 12:19 | Age | Feudal Age |
| 12:23 | Create | Villager (Male) |
| 12:23 | Create | Villager (Male) |
| 12:31 | Build | Blacksmith |
| 13:20 | Build | House |
| 13:27 | Build | Market |
| 13:37 | Build | Farm |
| 13:39 | Build | Farm |
| 13:44 | Build | Farm |
| 14:14 | Research | Castle Age |
| 14:36 | Build | Farm |
| 14:41 | Research | Horse Collar |
| 15:06 | Build | Farm |
| 15:11 | Research | Double-Bit Axe |
| 16:35 | Build | Farm |
| 16:54 | Age | Castle Age |
| 16:55 | Build | Barracks |
| 16:57 | Create | Villager (Male) |
| 17:38 | Build | Castle |
| 18:08 | Create | Villager (Male) |
| 18:08 | Create | Villager (Male) |
| 18:29 | Build | Stable |
| 18:47 | Research | Forging |
| 18:57 | Build | Farm |
| 19:07 | Create | Villager (Male) |
| 19:16 | Create | Conquistador |
| 19:39 | Create | Villager (Male) |
| 19:52 | Build | Farm |
| 20:02 | Build | Farm |
| 20:08 | Create | Villager (Male) |
| 20:23 | Create | Conquistador |
| 20:33 | Build | Farm |
| 20:35 | Build | Farm |
| 20:48 | Build | Lumber Camp |
| 20:49 | Create | Conquistador |
| 21:08 | Build | Farm |
| 21:15 | Create | Conquistador |
| 21:21 | Build | Farm |
| 21:33 | Build | Farm |
| 21:35 | Create | Villager (Male) |
| 21:50 | Create | Conquistador |
| 22:06 | Build | Town Center |
| 22:22 | Create | Conquistador |
| 22:27 | Create | Villager (Male) |
| 22:31 | Build | Farm |
| 23:04 | Research | Padded Archer Armor |
| 23:07 | Create | Conquistador |
| 23:53 | Create | Conquistador |
| 23:53 | Create | Conquistador |
| 24:08 | Create | Conquistador |
| 24:08 | Create | Conquistador |
| 24:09 | Create | Villager (Male) |
| 24:09 | Create | Villager (Male) |
| 24:30 | Create | Villager (Male) |
| 25:13 | Create | Conquistador |
| 26:28 | Create | Conquistador |
| 26:29 | Create | Conquistador |
| 26:50 | Research | Wheelbarrow |
| 26:57 | Create | Villager (Male) |
| 26:58 | Create | Villager (Male) |
| 28:07 | Create | Villager (Male) |
| 28:25 | Build | Castle |
| 29:43 | Create | Conquistador |
| 29:43 | Create | Conquistador |
| 29:56 | Research | Iron Casting |
| 30:00 | Research | Husbandry |
| 30:00 | Research | Bloodlines |
| 30:07 | Build | Farm |
| 30:19 | Create | Conquistador |
| 30:19 | Create | Conquistador |
| 30:31 | Build | Mining Camp |
| 31:36 | Create | Villager (Male) |
| 31:37 | Create | Villager (Male) |
| 31:40 | Research | Gold Mining |
| 32:06 | Create | Villager (Male) |
| 33:10 | Create | Conquistador |
| 35:39 | Create | Villager (Male) |
| 35:39 | Create | Villager (Male) |
| 36:24 | Build | Farm |
| 37:06 | Research | Imperial Age |
| 37:22 | Create | Conquistador |
| 37:37 | Create | Conquistador |
| 37:38 | Create | Conquistador |
| 38:00 | Build | Mining Camp |
| 38:28 | Build | Farm |
| 38:30 | Build | Farm |
| 38:40 | Build | Farm |
| 38:44 | Build | Farm |
| 38:54 | Create | Conquistador |
| 39:50 | Research | Hand Cart |
| 40:00 | Create | Villager (Male) |
| 40:00 | Create | Villager (Male) |
| 40:04 | Build | Farm |
| 40:16 | Age | Imperial Age |
| 40:20 | Build | House |
| 40:23 | Create | Trebuchet (Packed) |
| 40:25 | Create | Trebuchet (Packed) |
| 40:35 | Create | Conquistador |
| 40:41 | Build | House |
| 40:46 | Build | House |
| 40:55 | Create | Conquistador |
| 42:30 | Create | Conquistador |
| 42:50 | Create | Trebuchet (Packed) |
| 43:24 | Build | Town Center |
| 43:59 | Build | Farm |
| 44:14 | Create | Knight |
| 44:17 | Research | Cavalier (upgrade) |
| 44:39 | Create | Conquistador |
| 44:39 | Create | Conquistador |
| 45:02 | Create | Villager (Male) |
| 45:03 | Create | Villager (Male) |
| 45:04 | Create | Villager (Male) |
| 45:34 | Create | Conquistador |
| 45:36 | Create | Villager (Male) |
| 45:36 | Create | Villager (Male) |
| 47:28 | Create | Conquistador |
| 47:42 | Create | Villager (Male) |
| 47:43 | Create | Villager (Male) |
| 48:10 | Build | Farm |
Match timeline
| 9:47 | EliasCar · age_up feudal |
| 12:19 | CabinSteak · age_up feudal |
| 15:11 | EliasCar · first_building Barracks |
| 16:09 | EliasCar · first_building Stable |
| 16:54 | CabinSteak · age_up castle |
| 16:55 | CabinSteak · first_building Barracks |
| 17:38 | CabinSteak · first_building Castle |
| 18:27 | EliasCar · first_market_buy 100 food |
| 18:29 | CabinSteak · first_building Stable |
| 22:06 | EliasCar · age_up castle |
| 25:10 | EliasCar · first_building Castle |
| 40:16 | CabinSteak · age_up imperial |
| 47:15 | EliasCar · age_up imperial |
| 49:45 | EliasCar · first_building Monastery |
| 50:10 | EliasCar · first_market_sell 100 stone |
| 58:43 | EliasCar · resign |
[ AI ANALYSIS · 1 CREDIT ]
What really happened in this match?
Wolo.gg analyzes every decision: build order, eco, micro, common mistakes by bracket. Personalized analysis on WhatsApp or Discord in 30 seconds.
Civ guide
Japanese
Map guide
Hideout
Perfil
Jugador #12373313